Blues vs Rangers

Created - April 2, 2020 at 19:10

Goals
1 2 3 T
Blues 0 3 1 4
Rangers 1 0 1 2
Shots
1 2 3 T
Blues 13 12 7 32
Rangers 8 10 10 28

1st period

1. Rangers , Milan Lucic 41 (Tomas Hertl 17) at 14:13 (PP)

Penalties :
Tomas Hertl (NYR) for Charging (Minor) at 0:14, Kyle Okposo (NYR) for High sticking (Minor) at 8:22, Ian Cole (STL) for Tripping (Minor) at 11:11, Kurt Sauer (STL) for Hooking (Minor) at 14:09, Jakob Silfverberg (NYR) for Interference (Minor) at 19:27

2nd period

2. Blues , Alex Pietrangelo 21 (Sergei Shirokov 17, Ryan O'Reilly 30) at 8:06 (PP)
3. Blues , Vincent Lecavalier 13 (Fabian Brunnstrom 22, Sergei Shirokov 18) at 9:30
4. Blues , Alex Pietrangelo 22 (David Perron 34, Nicklas Backstrom 44) at 17:36 (PP)

Penalties :
Cam Barker (NYR) for Tripping (Minor) at 3:33, Luke Schenn (NYR) for Tripping (Minor) at 7:22, Jakob Silfverberg (NYR) for Hooking (Minor) at 17:25

3rd period

5. Rangers , Kyle Okposo 22 (Maxime Sauvé 9) at 11:56
6. Blues , Jordan Eberle 24 (Alex Pietrangelo 63, Cody Ceci 12) at 19:13 (Empty Net)

Penalties :
Sergei Shirokov (STL) for Boarding (Minor) at 13:45

Goalie Stats

Carey Price (STL), 26 saves from 28 shots - (0.929), W, 28-22-5, 60:00 minutes
Mike Condon (NYR), 28 saves from 31 shots - (0.903), L, 3-5-2, 59:34 minutes

Players Stats for Blues

Player Name              G  A  P  +/- PIM S  H  SB GA TA FO     MP     PP MP  PK MP  
------------------------------------------------------------------------------------
Alex Pietrangelo         2  1  3   1  0   7  2  1  1  1  0/0    27:01   5:26   2:06 
Cody Ceci                0  1  1   1  0   0  0  0  0  3  0/0    24:19   0:00   1:34 
David Perron             0  1  1  -1  0   7  3  0  1  0  3/4    21:51   5:16   0:21 
Drew Shore               0  0  0   1  0   1  0  1  0  1  5/7     8:53   0:00   2:01 
Fabian Brunnstrom        0  1  1   2  0   0  2  0  0  0  1/1    11:05   0:00   0:28 
Filip Forsberg           0  0  0   0  0   2  1  0  1  0  0/1    18:37   3:35   1:07 
Gustav Nyquist           0  0  0   0  0   0  1  0  0  0  0/0     6:32   0:00   0:00 
Ian Cole                 0  0  0   0  2   1  0  0  0  0  0/0    10:51   0:00   0:00 
Jake Gardiner            0  0  0   0  0   0  1  3  1  0  0/0    23:12   5:26   1:14 
Jordan Eberle            1  0  1   0  0   1  1  0  0  0  1/1    23:39   5:16   2:06 
Kurt Sauer               0  0  0   0  2   1  0  0  0  0  0/0    18:50   3:25   1:56 
Nicklas Backstrom        0  1  1  -1  0   2  2  0  0  1  12/28  21:30   5:16   0:00 
Reilly Smith             0  0  0   0  0   4  0  0  0  0  1/1    14:07   0:00   0:00 
Ryan O'Reilly            0  1  1   0  0   3  1  0  1  0  10/14  18:07   3:35   0:43 
Sergei Shirokov          0  2  2   1  2   0  1  0  0  0  1/1    13:31   3:35   0:00 
Shayne Gostisbehere      0  0  0   0  0   2  0  0  0  0  0/0    15:48   3:25   1:14 
Simon Gagné              0  0  0   0  0   0  1  0  0  0  0/0     7:11   0:00   0:39 
Vincent Lecavalier       1  0  1   1  0   1  1  0  0  1  6/13   10:51   0:00   0:39 

Players Stats for Rangers

Player Name              G  A  P  +/- PIM S  H  SB GA TA FO     MP     PP MP  PK MP  
------------------------------------------------------------------------------------
Artem Anisimov           0  0  0   0  0   3  0  0  0  0  4/10   12:55   1:34   0:00 
Cam Barker               0  0  0   1  2   5  0  0  1  1  0/0    26:49   0:52   4:22 
Chris Bourque            0  0  0   0  0   3  1  0  0  0  0/0    14:13   1:49   1:14 
Colten Teubert           0  0  0  -1  0   0  0  1  0  1  0/0    11:43   0:00   0:00 
Jakob Silfverberg        0  0  0  -1  4   1  2  0  0  1  1/5    19:52   1:52   2:04 
James Neal               0  0  0   1  0   2  1  0  1  0  1/1    19:00   1:48   2:41 
Kyle Okposo              1  0  1   0  2   2  0  0  1  1  1/2    20:24   1:31   4:37 
Luke Schenn              0  0  0   1  2   2  0  3  0  0  0/0    27:39   1:48   5:02 
Magnus Paajarvi-Svensson 0  0  0  -1  0   0  0  0  1  0  0/0     6:35   0:00   0:19 
Mark Fistric             0  0  0  -1  0   1  0  0  1  0  0/0    19:05   0:49   3:18 
Matt Greene              0  0  0  -1  0   0  1  1  0  1  0/0    19:41   0:40   4:34 
Matt Read                0  0  0   0  0   2  1  0  0  0  0/0    11:54   0:39   0:00 
Maxime Sauvé             0  1  1   1  0   0  1  0  0  0  4/11   15:06   1:10   0:00 
Milan Lucic              1  0  1  -1  0   6  1  0  1  0  8/14   23:16   2:13   5:39 
Patrik Nemeth            0  0  0  -1  0   0  0  1  0  0  0/0    12:01   0:33   0:26 
Seth Griffith            0  0  0  -1  0   0  0  1  1  0  1/2     6:29   0:39   0:00 
Steve Quailer            0  0  0  -1  0   0  0  0  0  0  0/1     5:36   0:00   0:00 
Tomas Hertl              0  1  1   0  2   1  1  0  0  0  11/25  18:45   2:13   1:08 

3 Stars

1 - Alex Pietrangelo (STL)
2 - Vincent Lecavalier (STL)
3 - Fabian Brunnstrom (STL)

Power Play

Blues - 2 on 6 Attempt(s) - 33.33%
Rangers - 1 on 3 Attempt(s) - 33.33%

Penalty Kill

Blues - 2 on 3 Attempt(s) - 66.67% - Score 0 goal in Penalty Kill
Rangers - 4 on 6 Attempt(s) - 66.67% - Score 0 goal in Penalty Kill

Team Stat

Blues - Hits : 17 - Faceoff Wins : 40 - Blocked Shots : 5 - Penalty Minutes : 6
Rangers - Hits : 9 - Faceoff Wins : 31 - Blocked Shots : 7 - Penalty Minutes : 12

Official

Referees : Unknown
Linesman : Unknown

Game Notes

Jordan Eberle has scored in a empty net!

Finance

Level 1 -- Attendance: 6000 (100.00%) -- Ticket Income $570,000
Level 2 -- Attendance: 5000 (100.00%) -- Ticket Income $300,000
Level 3 -- Attendance: 1939 (96.95%) -- Ticket Income $67,865
Level 4 -- Attendance: 3661 (91.53%) -- Ticket Income $91,525
Luxury Box -- Attendance: 1000 (100.00%) -- Ticket Income $180,000
Game was played at the Madison Square Garden.
Total Attendance: 17600 (97.78%)
Total Ticket Income: $1,209,390
Other Income: $181,408
Total Income: $1,390,798

Blues

5 vs 5 Forward 
   Center                   Left Wing                Right Wing               Time % Phy DF OF 
 1 Nicklas Backstrom        David Perron             Jordan Eberle            40     1   2  2  
 2 Ryan O'Reilly            Filip Forsberg           Reilly Smith             30     1   2  2  
 3 Vincent Lecavalier       Fabian Brunnstrom        Sergei Shirokov          20     1   2  2  
 4 Drew Shore               Simon Gagné              Gustav Nyquist           10     1   2  2  

5 vs 5 Defense 
   Defense                  Defense                                           Time % Phy DF OF 
 1 Alex Pietrangelo         Cody Ceci                                         40     1   2  2  
 2 Kurt Sauer               Jake Gardiner                                     30     1   2  2  
 3 Ian Cole                 Shayne Gostisbehere                               20     1   2  2  
 4 Cody Ceci                Jake Gardiner                                     10     1   2  2  

PowerPlay Forward 
   Center                   Left Wing                Right Wing               Time % Phy DF OF 
 1 Nicklas Backstrom        David Perron             Jordan Eberle            60     1   2  2  
 2 Ryan O'Reilly            Filip Forsberg           Sergei Shirokov          40     1   2  2  

PowerPlay Defense
   Defense                  Defense                                           Time % Phy DF OF 
 1 Alex Pietrangelo         Jake Gardiner                                     60     1   2  2  
 2 Shayne Gostisbehere      Kurt Sauer                                        40     1   2  2  

Penalty Kill 4 Players Forward 
   Center                   Wing                     Time % Phy DF OF 
 1 Drew Shore               Jordan Eberle            60     1   2  2  
 2 Vincent Lecavalier       Simon Gagné              40     1   2  2  

Penalty Kill 4 Players Defense
   Defense                  Defense                  Time % Phy DF OF 
 1 Alex Pietrangelo         Cody Ceci                60     1   2  2  
 2 Jake Gardiner            Kurt Sauer               40     1   2  2  

Penalty Kill - 3 Players Forward 
   Forward                                           Time % Phy DF OF 
 1 Drew Shore                                        60     1   2  2  
 2 Jordan Eberle                                     40     1   2  2  

Penalty Kill - 3 Players Defense
   Defense                  Defense                  Time % Phy DF OF 
 1 Alex Pietrangelo         Cody Ceci                60     1   2  2  
 2 Jake Gardiner            Kurt Sauer               40     1   2  2  

4 vs 4 Forward 
   Center                   Wing                     Time % Phy DF OF 
 1 Nicklas Backstrom        David Perron             60     1   2  2  
 2 Vincent Lecavalier       Jordan Eberle            40     1   2  2  

4 vs 4 Defense
   Defense                  Defense                  Time % Phy DF OF 
 1 Alex Pietrangelo         Cody Ceci                60     1   2  2  
 2 Jake Gardiner            Shayne Gostisbehere      40     1   2  2  

Last Minutes Offensive
   Center                   Left Wing                Right Wing               Defense                  Defense                  
   Nicklas Backstrom        David Perron             Jordan Eberle            Alex Pietrangelo         Jake Gardiner            

Last Minutes Defensive
   Center                   Left Wing                Right Wing               Defense                  Defense                  
   Drew Shore               Fabian Brunnstrom        Jordan Eberle            Kurt Sauer               Cody Ceci                

Goaltenders
Starting : Carey Price              
Backup : Pascal Leclaire          

Extra Forwards
Normal : Fabian Brunnstrom, Vincent Lecavalier, Jordan Eberle - PP : Gustav Nyquist, Nicklas Backstrom - PK : Filip Forsberg
Extra Defensemen
Normal : Shayne Gostisbehere, Cody Ceci, Jake Gardiner - PP : Shayne Gostisbehere - PK : Shayne Gostisbehere, Jake Gardiner
Penalty Shots
David Perron, Reilly Smith, Jordan Eberle, Nicklas Backstrom, Fabian Brunnstrom

Scratches
D.J King (Healthy), Yann Sauvé (Head Injury)

Rangers

5 vs 5 Forward 
   Center                   Left Wing                Right Wing               Time % Phy DF OF 
 1 Tomas Hertl              Milan Lucic              Jakob Silfverberg        40     1   2  2  
 2 Maxime Sauvé             James Neal               Kyle Okposo              30     1   2  2  
 3 Artem Anisimov           Chris Bourque            Matt Read                20     1   2  2  
 4 Seth Griffith            Magnus Paajarvi-Svensson Steve Quailer            10     1   2  2  

5 vs 5 Defense 
   Defense                  Defense                                           Time % Phy DF OF 
 1 Luke Schenn              Cam Barker                                        40     1   2  2  
 2 Mark Fistric             Matt Greene                                       30     1   2  2  
 3 Colten Teubert           Patrik Nemeth                                     20     1   2  2  
 4 Luke Schenn              Cam Barker                                        10     1   2  2  

PowerPlay Forward 
   Center                   Left Wing                Right Wing               Time % Phy DF OF 
 1 Tomas Hertl              Milan Lucic              Kyle Okposo              60     1   2  2  
 2 Maxime Sauvé             Chris Bourque            Jakob Silfverberg        40     1   2  2  

PowerPlay Defense
   Defense                  Defense                                           Time % Phy DF OF 
 1 Luke Schenn              James Neal                                        60     1   2  2  
 2 Cam Barker               Artem Anisimov                                    40     1   2  2  

Penalty Kill 4 Players Forward 
   Center                   Wing                     Time % Phy DF OF 
 1 Milan Lucic              Kyle Okposo              60     1   2  2  
 2 Jakob Silfverberg        James Neal               40     1   2  2  

Penalty Kill 4 Players Defense
   Defense                  Defense                  Time % Phy DF OF 
 1 Luke Schenn              Cam Barker               60     1   2  2  
 2 Mark Fistric             Matt Greene              40     1   2  2  

Penalty Kill - 3 Players Forward 
   Forward                                           Time % Phy DF OF 
 1 Jakob Silfverberg                                 60     1   2  2  
 2 Milan Lucic                                       40     1   2  2  

Penalty Kill - 3 Players Defense
   Defense                  Defense                  Time % Phy DF OF 
 1 Luke Schenn              Cam Barker               60     1   2  2  
 2 Mark Fistric             Matt Greene              40     1   2  2  

4 vs 4 Forward 
   Center                   Wing                     Time % Phy DF OF 
 1 Jakob Silfverberg        Milan Lucic              60     1   2  2  
 2 Kyle Okposo              Chris Bourque            40     1   2  2  

4 vs 4 Defense
   Defense                  Defense                  Time % Phy DF OF 
 1 Mark Fistric             Matt Greene              60     1   2  2  
 2 Colten Teubert           Patrik Nemeth            40     1   2  2  

Last Minutes Offensive
   Center                   Left Wing                Right Wing               Defense                  Defense                  
   Milan Lucic              Jakob Silfverberg        Kyle Okposo              Mark Fistric             Matt Greene              

Last Minutes Defensive
   Center                   Left Wing                Right Wing               Defense                  Defense                  
   Milan Lucic              Jakob Silfverberg        Kyle Okposo              Mark Fistric             Matt Greene              

Goaltenders
Starting : Mike Condon              
Backup : Frederik Andersen        

Extra Forwards
Normal : Maxime Sauvé, Tomas Hertl, Artem Anisimov - PP : Milan Lucic, Jakob Silfverberg - PK : Kyle Okposo
Extra Defensemen
Normal : Matt Greene, Luke Schenn, Cam Barker - PP : Mark Fistric - PK : Matt Greene, Mark Fistric
Penalty Shots
Maxime Sauvé, Tomas Hertl, Artem Anisimov, Milan Lucic, Jakob Silfverberg

Scratches
Sean Couturier (Separated Right Shoulder Injury), Alexei Emelin (Healthy), Patrice Bergeron (Strained Right Knee Injury)

% Time on Ice - Blues

Lines # - Real PCT - Wanted PCT - Time Play
Normal Forward
1 - 35% - 40% - 16:23
2 - 30% - 30% - 14:09
3 - 21% - 20% - 9:49
4 - 14% - 10% - 6:32
Normal Defense
1 - 41% - 40% - 19:17
2 - 29% - 30% - 13:30
3 - 23% - 20% - 10:49
4 - 7% - 10% - 3:17
PP Forward
1 - 60% - 60% - 5:16
2 - 40% - 40% - 3:35
PP Defense
1 - 61% - 60% - 5:26
2 - 39% - 40% - 3:25
PK Forward
1 - 84% - 60% - 3:23
2 - 16% - 40% - 0:39
PK Defense
1 - 52% - 60% - 2:06
2 - 48% - 40% - 1:56
PK3 Forward
1 - 0% - 60%
2 - 0% - 40%
PK3 Defense
1 - 0% - 60%
2 - 0% - 40%
44 Forward
1 - 0% - 60%
2 - 0% - 40%
44 Defense
1 - 0% - 60%
2 - 0% - 40%
Last Minute Offensive  - 0:00
Last Minute Defensive  - 0:14
Total
Forward - 60:00
Defense - 60:00

% Time on Ice - Rangers

Lines # - Real PCT - Wanted PCT - Time Play
Normal Forward
1 - 32% - 40% - 15:09
2 - 33% - 30% - 15:22
3 - 23% - 20% - 10:45
4 - 12% - 10% - 5:36
Normal Defense
1 - 39% - 40% - 18:27
2 - 30% - 30% - 13:55
3 - 25% - 20% - 11:43
4 - 6% - 10% - 2:47
PP Forward
1 - 55% - 60% - 2:13
2 - 45% - 40% - 1:49
PP Defense
1 - 61% - 60% - 2:28
2 - 39% - 40% - 1:34
PK Forward
1 - 70% - 60% - 6:10
2 - 30% - 40% - 2:41
PK Defense
1 - 70% - 60% - 6:12
2 - 30% - 40% - 2:39
PK3 Forward
1 - 0% - 60%
2 - 0% - 40%
PK3 Defense
1 - 0% - 60%
2 - 0% - 40%
44 Forward
1 - 0% - 60%
2 - 0% - 40%
44 Defense
1 - 0% - 60%
2 - 0% - 40%
Last Minute Offensive  - 0:15
Last Minute Defensive  - 0:00
Total
Forward - 60:00
Defense - 60:00

Play-by-Play

1st period


0:01 of 1st period - Nicklas Backstrom wins face-off versus Tomas Hertl in neutral zone.
0:14 of 1st period - Snap shot by Milan Lucic.
0:14 of 1st period - Stopped by Carey Price without a rebound.
0:14 of 1st period - Minor Penalty to Tomas Hertl for Charging.
0:15 of 1st period - Milan Lucic wins face-off versus Nicklas Backstrom in Rangers zone.
0:33 of 1st period - Off-side.
0:34 of 1st period - Ryan O'Reilly wins face-off versus Jakob Silfverberg in neutral zone.
0:41 of 1st period - Slapshot by Filip Forsberg.
0:41 of 1st period - Shot Misses the Net.
0:47 of 1st period - Wrist shot by Ryan O'Reilly.
0:47 of 1st period - Stopped by Mike Condon without a rebound.
0:48 of 1st period - Milan Lucic wins face-off versus Nicklas Backstrom in Rangers zone.
1:07 of 1st period - Kyle Okposo is hit by David Perron and loses puck.
1:22 of 1st period - Wrist shot by Ryan O'Reilly.
1:22 of 1st period - Stopped by Mike Condon without a rebound.
1:23 of 1st period - Ryan O'Reilly wins face-off versus Jakob Silfverberg in Rangers zone.
2:14 of 1st period - Penalty to Tomas Hertl is over, Tomas Hertl is back on ice.
2:47 of 1st period - Slapshot by Matt Read.
2:47 of 1st period - Stopped by Carey Price with a rebound.
3:08 of 1st period - Snap shot by Alex Pietrangelo.
3:08 of 1st period - Deflect By Simon Gagné.
3:08 of 1st period - Shot Blocked by Luke Schenn.
3:08 of 1st period - Puck is out of play.
3:09 of 1st period - Seth Griffith wins face-off versus Nicklas Backstrom in Rangers zone.
3:09 of 1st period - Seth Griffith is hit by Jake Gardiner.
3:42 of 1st period - Wrist shot by Ryan O'Reilly.
3:42 of 1st period - Deflect By Reilly Smith.
3:42 of 1st period - Stopped by Mike Condon with a rebound.
3:44 of 1st period - Slapshot by Kurt Sauer.
3:44 of 1st period - Deflect By Colten Teubert.
3:44 of 1st period - Stopped by Mike Condon without a rebound.
3:45 of 1st period - Sergei Shirokov wins face-off versus Tomas Hertl in Rangers zone.
3:50 of 1st period - Backhand shot by Fabian Brunnstrom.
3:50 of 1st period - Shot Misses the Net.
4:38 of 1st period - Slapshot by Artem Anisimov.
4:38 of 1st period - Stopped by Carey Price without a rebound.
4:39 of 1st period - Ryan O'Reilly wins face-off versus Tomas Hertl in Blues zone.
4:51 of 1st period - Snap shot by Filip Forsberg.
4:51 of 1st period - Stopped by Mike Condon without a rebound.
4:52 of 1st period - Nicklas Backstrom wins face-off versus Maxime Sauvé in Rangers zone.
5:02 of 1st period - Icing by Luke Schenn.
5:03 of 1st period - Nicklas Backstrom wins face-off versus Maxime Sauvé in Rangers zone.
5:36 of 1st period - Snap shot by Milan Lucic.
5:36 of 1st period - Stopped by Carey Price without a rebound.
5:37 of 1st period - Tomas Hertl wins face-off versus Vincent Lecavalier in Blues zone.
5:38 of 1st period - Snap shot by Milan Lucic.
5:38 of 1st period - Shot Blocked by Jake Gardiner.
6:23 of 1st period - Slapshot by Kyle Okposo.
6:23 of 1st period - Stopped by Carey Price without a rebound.
6:24 of 1st period - Maxime Sauvé wins face-off versus Nicklas Backstrom in Blues zone.
6:36 of 1st period - Off-side.
6:37 of 1st period - Vincent Lecavalier wins face-off versus Tomas Hertl in neutral zone.
7:06 of 1st period - Snap shot by Nicklas Backstrom.
7:06 of 1st period - Stopped by Mike Condon with a rebound.
7:58 of 1st period - Snap shot by Reilly Smith.
7:58 of 1st period - Stopped by Mike Condon without a rebound.
7:59 of 1st period - Nicklas Backstrom wins face-off versus Maxime Sauvé in Rangers zone.
8:14 of 1st period - Wrist shot by Alex Pietrangelo.
8:14 of 1st period - Shot Misses the Net.
8:16 of 1st period - Snap shot by David Perron.
8:16 of 1st period - Shot Blocked by Patrik Nemeth.
8:22 of 1st period - Minor Penalty to Kyle Okposo for High sticking.
8:23 of 1st period - Milan Lucic wins face-off versus Nicklas Backstrom in Rangers zone.
9:01 of 1st period - Slapshot by Alex Pietrangelo.
9:01 of 1st period - Deflect By Milan Lucic.
9:01 of 1st period - Stopped by Mike Condon without a rebound.
9:02 of 1st period - David Perron wins face-off versus Milan Lucic in Rangers zone.
10:22 of 1st period - Penalty to Kyle Okposo is over, Kyle Okposo is back on ice.
10:32 of 1st period - Slapshot by Shayne Gostisbehere.
10:32 of 1st period - Stopped by Mike Condon with a rebound.
10:34 of 1st period - Wrist shot by Drew Shore.
10:34 of 1st period - Shot Misses the Net.
10:36 of 1st period - Snap shot by Ian Cole.
10:36 of 1st period - Stopped by Mike Condon without a rebound.
10:37 of 1st period - Vincent Lecavalier wins face-off versus Steve Quailer in Rangers zone.
10:40 of 1st period - Wrist shot by Vincent Lecavalier.
10:40 of 1st period - Shot Hit the Post.
11:11 of 1st period - Minor Penalty to Ian Cole for Tripping.
11:12 of 1st period - Tomas Hertl wins face-off versus Drew Shore in Blues zone.
12:33 of 1st period - Luke Schenn is hit by Vincent Lecavalier.
13:11 of 1st period - Penalty to Ian Cole is over, Ian Cole is back on ice.
13:19 of 1st period - Snap shot by Reilly Smith.
13:19 of 1st period - Stopped by Mike Condon without a rebound.
13:20 of 1st period - Ryan O'Reilly wins face-off versus Seth Griffith in Rangers zone.
13:21 of 1st period - Snap shot by Reilly Smith.
13:21 of 1st period - Shot Misses the Net.
14:09 of 1st period - Minor Penalty to Kurt Sauer for Hooking.
14:10 of 1st period - Tomas Hertl wins face-off versus Drew Shore in Blues zone.
14:13 of 1st period - Snap shot by Milan Lucic.
14:13 of 1st period - Goal by Milan Lucic - Blues : 0 - Rangers : 1.
14:14 of 1st period - Tomas Hertl wins face-off versus Nicklas Backstrom in neutral zone.
15:24 of 1st period - Snap shot by Artem Anisimov.
15:24 of 1st period - Stopped by Carey Price without a rebound.
15:25 of 1st period - Drew Shore wins face-off versus Tomas Hertl in Blues zone.
15:30 of 1st period - Luke Schenn is hit by Simon Gagné and loses puck.
16:35 of 1st period - Icing by David Perron.
16:36 of 1st period - Ryan O'Reilly wins face-off versus Jakob Silfverberg in Blues zone.
16:47 of 1st period - Mark Fistric is hit by Ryan O'Reilly and loses puck.
17:08 of 1st period - Off-side.
17:09 of 1st period - Kyle Okposo wins face-off versus Nicklas Backstrom in neutral zone.
17:11 of 1st period - Luke Schenn is hit by Alex Pietrangelo and loses puck.
17:24 of 1st period - Slapshot by Cam Barker.
17:24 of 1st period - Stopped by Carey Price with a rebound.
18:01 of 1st period - Wrist shot by David Perron.
18:01 of 1st period - Stopped by Mike Condon with a rebound.
18:03 of 1st period - Snap shot by Nicklas Backstrom.
18:03 of 1st period - Shot Misses the Net.
18:05 of 1st period - Slapshot by Cody Ceci.
18:05 of 1st period - Shot Blocked by Luke Schenn.
18:07 of 1st period - Snap shot by David Perron.
18:07 of 1st period - Stopped by Mike Condon without a rebound.
18:08 of 1st period - Tomas Hertl wins face-off versus Ryan O'Reilly in Rangers zone.
19:01 of 1st period - Snap shot by Magnus Paajarvi-Svensson.
19:01 of 1st period - Shot Hit the Post.
19:27 of 1st period - Minor Penalty to Jakob Silfverberg for Interference.
19:28 of 1st period - Milan Lucic wins face-off versus Nicklas Backstrom in Rangers zone.
Goals for this period are 0 for Blues vs 1 for Rangers.
Shots for this period are 13 for Blues vs 8 for Rangers.

2nd period


0:01 of 2nd period - Milan Lucic wins face-off versus Nicklas Backstrom in neutral zone.
0:10 of 2nd period - Snap shot by Kyle Okposo.
0:10 of 2nd period - Deflect By Milan Lucic.
0:10 of 2nd period - Stopped by Carey Price without a rebound.
0:11 of 2nd period - David Perron wins face-off versus Milan Lucic in Blues zone.
0:24 of 2nd period - Snap shot by David Perron.
0:24 of 2nd period - Stopped by Mike Condon with a rebound.
0:26 of 2nd period - Slapshot by Nicklas Backstrom.
0:26 of 2nd period - Stopped by Mike Condon with a rebound.
0:28 of 2nd period - Slapshot by David Perron.
0:28 of 2nd period - Shot Misses the Net.
1:27 of 2nd period - Penalty to Jakob Silfverberg is over, Jakob Silfverberg is back on ice.
1:37 of 2nd period - Off-side.
1:38 of 2nd period - Drew Shore wins face-off versus Artem Anisimov in neutral zone.
2:39 of 2nd period - James Neal is hit by Nicklas Backstrom and loses puck.
2:54 of 2nd period - Shayne Gostisbehere is hit by Chris Bourque and loses puck.
3:01 of 2nd period - Patrik Nemeth is hit by Sergei Shirokov and loses puck.
3:14 of 2nd period - Slapshot by Jake Gardiner.
3:14 of 2nd period - Shot Blocked by Seth Griffith.
3:33 of 2nd period - Minor Penalty to Cam Barker for Tripping.
3:34 of 2nd period - Nicklas Backstrom wins face-off versus Milan Lucic in Rangers zone.
3:42 of 2nd period - Backhand shot by Alex Pietrangelo.
3:42 of 2nd period - Shot Misses the Net.
3:44 of 2nd period - Slapshot by Alex Pietrangelo.
3:44 of 2nd period - Stopped by Mike Condon without a rebound.
3:45 of 2nd period - Nicklas Backstrom wins face-off versus Milan Lucic in Rangers zone.
3:46 of 2nd period - Slapshot by Alex Pietrangelo.
3:46 of 2nd period - Shot Blocked by Matt Greene.
3:48 of 2nd period - Snap shot by Alex Pietrangelo.
3:48 of 2nd period - Stopped by Mike Condon without a rebound.
3:49 of 2nd period - Milan Lucic wins face-off versus Nicklas Backstrom in Rangers zone.
5:22 of 2nd period - Jordan Eberle is hit by Matt Greene and loses puck.
5:33 of 2nd period - Penalty to Cam Barker is over, Cam Barker is back on ice.
6:57 of 2nd period - Mark Fistric is hit by Nicklas Backstrom.
7:22 of 2nd period - Minor Penalty to Luke Schenn for Tripping.
7:23 of 2nd period - Milan Lucic wins face-off versus Nicklas Backstrom in Rangers zone.
7:23 of 2nd period - Milan Lucic is hit by David Perron.
8:06 of 2nd period - Snap shot by Alex Pietrangelo.
8:06 of 2nd period - Goal by Alex Pietrangelo - Blues : 1 - Rangers : 1.
8:07 of 2nd period - Nicklas Backstrom wins face-off versus Artem Anisimov in neutral zone.
8:12 of 2nd period - Snap shot by David Perron.
8:12 of 2nd period - Shot Misses the Net.
8:25 of 2nd period - Cody Ceci is hit by Matt Read and loses puck.
8:38 of 2nd period - Wrist shot by Kyle Okposo.
8:38 of 2nd period - Shot Blocked by Alex Pietrangelo.
8:40 of 2nd period - Wrist shot by Maxime Sauvé.
8:40 of 2nd period - Shot Misses the Net.
9:30 of 2nd period - Wrist shot by Vincent Lecavalier.
9:30 of 2nd period - Goal by Vincent Lecavalier - Blues : 2 - Rangers : 1.
9:31 of 2nd period - David Perron wins face-off versus Tomas Hertl in neutral zone.
9:47 of 2nd period - Icing by Tomas Hertl.
9:48 of 2nd period - Ryan O'Reilly wins face-off versus Jakob Silfverberg in Rangers zone.
9:57 of 2nd period - Wrist shot by Jakob Silfverberg.
9:57 of 2nd period - Stopped by Carey Price without a rebound.
9:58 of 2nd period - Ryan O'Reilly wins face-off versus Milan Lucic in Blues zone.
10:12 of 2nd period - Icing by Luke Schenn.
10:13 of 2nd period - Tomas Hertl wins face-off versus Nicklas Backstrom in Rangers zone.
10:32 of 2nd period - Backhand shot by Jakob Silfverberg.
10:32 of 2nd period - Shot Misses the Net.
10:34 of 2nd period - Slapshot by Cam Barker.
10:34 of 2nd period - Stopped by Carey Price with a rebound.
11:09 of 2nd period - Wrist shot by Jakob Silfverberg.
11:09 of 2nd period - Shot Misses the Net.
11:11 of 2nd period - Snap shot by Tomas Hertl.
11:11 of 2nd period - Stopped by Carey Price without a rebound.
11:12 of 2nd period - Maxime Sauvé wins face-off versus Filip Forsberg in Blues zone.
11:15 of 2nd period - Snap shot by Kyle Okposo.
11:15 of 2nd period - Shot Misses the Net.
11:17 of 2nd period - Slapshot by Mark Fistric.
11:17 of 2nd period - Shot Misses the Net.
11:19 of 2nd period - Snap shot by Maxime Sauvé.
11:19 of 2nd period - Shot Misses the Net.
11:21 of 2nd period - Wrist shot by James Neal.
11:21 of 2nd period - Stopped by Carey Price without a rebound.
11:22 of 2nd period - Ryan O'Reilly wins face-off versus Maxime Sauvé in Blues zone.
11:27 of 2nd period - Backhand shot by Filip Forsberg.
11:27 of 2nd period - Shot Misses the Net.
11:42 of 2nd period - Wrist shot by James Neal.
11:42 of 2nd period - Stopped by Carey Price without a rebound.
11:43 of 2nd period - Fabian Brunnstrom wins face-off versus Artem Anisimov in Blues zone.
11:56 of 2nd period - Slapshot by Cam Barker.
11:56 of 2nd period - Stopped by Carey Price without a rebound.
11:57 of 2nd period - Tomas Hertl wins face-off versus Nicklas Backstrom in Blues zone.
12:24 of 2nd period - Kyle Okposo is hit by Filip Forsberg.
12:52 of 2nd period - Slapshot by Artem Anisimov.
12:52 of 2nd period - Shot Blocked by Jake Gardiner.
14:29 of 2nd period - Wrist shot by Jordan Eberle.
14:29 of 2nd period - Shot Blocked by Colten Teubert.
14:47 of 2nd period - Off-side.
14:48 of 2nd period - Drew Shore wins face-off versus Maxime Sauvé in neutral zone.
15:04 of 2nd period - Wrist shot by James Neal.
15:04 of 2nd period - Shot Blocked by Jake Gardiner.
15:14 of 2nd period - Jordan Eberle is hit by Milan Lucic and loses puck.
15:41 of 2nd period - Wrist shot by Ryan O'Reilly.
15:41 of 2nd period - Stopped by Mike Condon without a rebound.
15:42 of 2nd period - Maxime Sauvé wins face-off versus Ryan O'Reilly in Rangers zone.
15:53 of 2nd period - Snap shot by Kyle Okposo.
15:53 of 2nd period - Deflect By James Neal.
15:53 of 2nd period - Shot Misses the Net.
15:53 of 2nd period - Puck is out of play.
15:54 of 2nd period - Nicklas Backstrom wins face-off versus Tomas Hertl in Blues zone.
17:09 of 2nd period - Slapshot by Luke Schenn.
17:09 of 2nd period - Deflect By Kurt Sauer.
17:09 of 2nd period - Stopped by Carey Price without a rebound.
17:10 of 2nd period - Jordan Eberle wins face-off versus Tomas Hertl in Blues zone.
17:15 of 2nd period - Nicklas Backstrom is hit by Jakob Silfverberg and loses puck.
17:25 of 2nd period - Minor Penalty to Jakob Silfverberg for Hooking.
17:26 of 2nd period - Nicklas Backstrom wins face-off versus Milan Lucic in Rangers zone.
17:34 of 2nd period - Wrist shot by Nicklas Backstrom.
17:34 of 2nd period - Deflect By David Perron.
17:34 of 2nd period - Stopped by Mike Condon with a rebound.
17:36 of 2nd period - Backhand shot by Alex Pietrangelo.
17:36 of 2nd period - Goal by Alex Pietrangelo - Blues : 3 - Rangers : 1.
17:37 of 2nd period - Milan Lucic wins face-off versus David Perron in neutral zone.
17:40 of 2nd period - Wrist shot by Cam Barker.
17:40 of 2nd period - Stopped by Carey Price with a rebound.
17:42 of 2nd period - Wrist shot by Jakob Silfverberg.
17:42 of 2nd period - Shot Misses the Net.
18:18 of 2nd period - Slapshot by David Perron.
18:18 of 2nd period - Stopped by Mike Condon without a rebound.
18:19 of 2nd period - Ryan O'Reilly wins face-off versus Tomas Hertl in Rangers zone.
18:20 of 2nd period - Wrist shot by Filip Forsberg.
18:20 of 2nd period - Stopped by Mike Condon without a rebound.
18:21 of 2nd period - Jakob Silfverberg wins face-off versus Ryan O'Reilly in Rangers zone.
18:25 of 2nd period - Off-side.
18:26 of 2nd period - Reilly Smith wins face-off versus Tomas Hertl in neutral zone.
19:13 of 2nd period - Snap shot by Cam Barker.
19:13 of 2nd period - Stopped by Carey Price without a rebound.
19:14 of 2nd period - Maxime Sauvé wins face-off versus Nicklas Backstrom in Blues zone.
19:27 of 2nd period - Snap shot by David Perron.
19:27 of 2nd period - Stopped by Mike Condon with a rebound.
Goals for this period are 3 for Blues vs 0 for Rangers.
Shots for this period are 12 for Blues vs 10 for Rangers.

3rd period


0:01 of 3rd period - Tomas Hertl wins face-off versus Nicklas Backstrom in neutral zone.
0:34 of 3rd period - Slapshot by Mark Fistric.
0:34 of 3rd period - Stopped by Carey Price without a rebound.
0:35 of 3rd period - Ryan O'Reilly wins face-off versus Maxime Sauvé in Blues zone.
1:27 of 3rd period - Matt Read is hit by Jordan Eberle and loses puck.
1:35 of 3rd period - Icing by Luke Schenn.
1:36 of 3rd period - Artem Anisimov wins face-off versus Vincent Lecavalier in Rangers zone.
2:15 of 3rd period - Wrist shot by Chris Bourque.
2:15 of 3rd period - Stopped by Carey Price with a rebound.
2:51 of 3rd period - Slapshot by Alex Pietrangelo.
2:51 of 3rd period - Shot Misses the Net.
2:53 of 3rd period - Slapshot by Cody Ceci.
2:53 of 3rd period - Shot Misses the Net.
2:55 of 3rd period - Snap shot by Reilly Smith.
2:55 of 3rd period - Stopped by Mike Condon with a rebound.
2:57 of 3rd period - Backhand shot by Alex Pietrangelo.
2:57 of 3rd period - Stopped by Mike Condon with a rebound.
3:09 of 3rd period - Slapshot by Alex Pietrangelo.
3:09 of 3rd period - Stopped by Mike Condon with a rebound.
3:11 of 3rd period - Slapshot by Alex Pietrangelo.
3:11 of 3rd period - Shot Misses the Net.
3:15 of 3rd period - Slapshot by Ryan O'Reilly.
3:15 of 3rd period - Deflect By Reilly Smith.
3:15 of 3rd period - Shot Misses the Net.
3:15 of 3rd period - Puck is out of play.
3:16 of 3rd period - Nicklas Backstrom wins face-off versus Tomas Hertl in Rangers zone.
4:07 of 3rd period - Off-side.
4:08 of 3rd period - James Neal wins face-off versus Vincent Lecavalier in neutral zone.
4:33 of 3rd period - Milan Lucic is hit by Gustav Nyquist and loses puck.
5:56 of 3rd period - Snap shot by Matt Read.
5:56 of 3rd period - Stopped by Carey Price with a rebound.
7:01 of 3rd period - Wrist shot by Chris Bourque.
7:01 of 3rd period - Shot Misses the Net.
7:03 of 3rd period - Snap shot by Chris Bourque.
7:03 of 3rd period - Stopped by Carey Price without a rebound.
7:04 of 3rd period - Nicklas Backstrom wins face-off versus Kyle Okposo in Blues zone.
7:20 of 3rd period - Snap shot by Kyle Okposo.
7:20 of 3rd period - Shot Misses the Net.
8:08 of 3rd period - Off-side.
8:09 of 3rd period - Tomas Hertl wins face-off versus Nicklas Backstrom in neutral zone.
9:10 of 3rd period - Icing by Kurt Sauer.
9:11 of 3rd period - Tomas Hertl wins face-off versus Ryan O'Reilly in Blues zone.
9:12 of 3rd period - Snap shot by Milan Lucic.
9:12 of 3rd period - Shot Misses the Net.
9:14 of 3rd period - Slapshot by Milan Lucic.
9:14 of 3rd period - Stopped by Carey Price with a rebound.
9:56 of 3rd period - Wrist shot by David Perron.
9:56 of 3rd period - Shot Misses the Net.
10:15 of 3rd period - Icing by Matt Greene.
10:16 of 3rd period - Tomas Hertl wins face-off versus Vincent Lecavalier in Rangers zone.
10:23 of 3rd period - Cody Ceci is hit by Jakob Silfverberg.
10:45 of 3rd period - David Perron is hit by James Neal and loses puck.
11:06 of 3rd period - Matt Read is hit by Alex Pietrangelo and loses puck.
11:17 of 3rd period - Snap shot by Drew Shore.
11:17 of 3rd period - Stopped by Mike Condon with a rebound.
11:19 of 3rd period - Snap shot by Gustav Nyquist.
11:19 of 3rd period - Deflect By Drew Shore.
11:19 of 3rd period - Shot Misses the Net.
11:19 of 3rd period - Puck is out of play.
11:20 of 3rd period - Vincent Lecavalier wins face-off versus Tomas Hertl in Rangers zone.
11:56 of 3rd period - Snap shot by Kyle Okposo.
11:56 of 3rd period - Goal by Kyle Okposo - Blues : 3 - Rangers : 2.
11:57 of 3rd period - Nicklas Backstrom wins face-off versus Tomas Hertl in neutral zone.
12:10 of 3rd period - Slapshot by Milan Lucic.
12:10 of 3rd period - Shot Misses the Net.
12:50 of 3rd period - Sergei Shirokov is hit by Maxime Sauvé.
12:54 of 3rd period - Kyle Okposo is hit by Fabian Brunnstrom and loses puck.
13:27 of 3rd period - Slapshot by Fabian Brunnstrom.
13:27 of 3rd period - Shot Blocked by Luke Schenn.
13:45 of 3rd period - Minor Penalty to Sergei Shirokov for Boarding.
13:46 of 3rd period - Drew Shore wins face-off versus Tomas Hertl in Blues zone.
14:40 of 3rd period - Slapshot by Matt Greene.
14:40 of 3rd period - Shot Blocked by Drew Shore.
15:45 of 3rd period - Penalty to Sergei Shirokov is over, Sergei Shirokov is back on ice.
16:43 of 3rd period - Colten Teubert is hit by Fabian Brunnstrom and loses puck.
16:47 of 3rd period - Icing by Chris Bourque.
16:48 of 3rd period - Artem Anisimov wins face-off versus Vincent Lecavalier in Rangers zone.
17:05 of 3rd period - David Perron is hit by Tomas Hertl and loses puck.
17:16 of 3rd period - Snap shot by Shayne Gostisbehere.
17:16 of 3rd period - Stopped by Mike Condon without a rebound.
17:17 of 3rd period - Drew Shore wins face-off versus Maxime Sauvé in Rangers zone.
17:42 of 3rd period - Cam Barker is hit by David Perron.
17:50 of 3rd period - Slapshot by Luke Schenn.
17:50 of 3rd period - Stopped by Carey Price without a rebound.
17:51 of 3rd period - Artem Anisimov wins face-off versus Vincent Lecavalier in Blues zone.
17:52 of 3rd period - Wrist shot by Chris Bourque.
17:52 of 3rd period - Stopped by Carey Price with a rebound.
17:54 of 3rd period - Slapshot by Mark Fistric.
17:54 of 3rd period - Deflect By Artem Anisimov.
17:54 of 3rd period - Stopped by Carey Price without a rebound.
17:55 of 3rd period - Vincent Lecavalier wins face-off versus Artem Anisimov in Blues zone.
18:07 of 3rd period - Snap shot by Vincent Lecavalier.
18:07 of 3rd period - Shot Misses the Net.
18:23 of 3rd period - Wrist shot by Nicklas Backstrom.
18:23 of 3rd period - Shot Misses the Net.
18:25 of 3rd period - Wrist shot by David Perron.
18:25 of 3rd period - Stopped by Mike Condon with a rebound.
18:47 of 3rd period - Rangers, Mike Condon is pulled from the net.
18:55 of 3rd period - Snap shot by Milan Lucic.
18:55 of 3rd period - Stopped by Carey Price with a rebound.
19:13 of 3rd period - Wrist shot by Jordan Eberle.
19:13 of 3rd period - Goal by Jordan Eberle - Blues : 4 - Rangers : 2.
19:13 of 3rd period - Mike Condon from Rangers was sent back in the game.
19:14 of 3rd period - Vincent Lecavalier wins face-off versus Artem Anisimov in neutral zone.
19:19 of 3rd period - Wrist shot by Vincent Lecavalier.
19:19 of 3rd period - Shot Misses the Net.
19:22 of 3rd period - Icing by Mark Fistric.
19:23 of 3rd period - Artem Anisimov wins face-off versus Vincent Lecavalier in Rangers zone.
19:25 of 3rd period - Icing by Mark Fistric.
19:26 of 3rd period - Vincent Lecavalier wins face-off versus Artem Anisimov in Rangers zone.
Goals for this period are 1 for Blues vs 1 for Rangers.
Shots for this period are 7 for Blues vs 10 for Rangers.